 Dungeon Crawl Stone Soup version 0.17-a0-1210-g1e4f09d (webtiles) character file.

80 MUTANTIKUS the Skirmisher (level 4, -1/50 HPs)
             Began as an Ogre Berserker on June 4, 2015.
             Was a Believer of Trog.
             Slain by an orc priest
             ... wielding a +0 short sword
              (7 damage)
             ... on level 3 of the Dungeon.
             The game lasted 00:44:36 (3210 turns).

MUTANTIKUS the Skirmisher (Ogre Berserker)          Turns: 3210, Time: 00:44:36

Health: -1/50      AC:  3    Str: 23    XL:     4   Next: 39%
Magic:  13/13      EV: 10    Int:  6    God:    Trog [**....]
Gold:   139        SH:  0    Dex:  9    Spells: 0 memorised, 3 levels left

rFire  . . .     SeeInvis .     y - -3 war axe (curse)
rCold  . . .     Clarity  .     b - +0 animal skin
rNeg   . . .     SustAt   .     (no shield)
rPois  .         Gourm    .     (helmet restricted)
rElec  .         Spirit   .     (no cloak)
rCorr  .         Warding  .     (gloves unavailable)
rMut   .         Stasis   .     (boots unavailable)
MR     .....                    (no amulet)
Stlth  +.........               (no ring)
                                i - ring of magical power

@: exhausted, slowed, very slow, not resistant to hostile enchantments, very
unstealthy
A: unfitting armour, tough skin 1
a: Burn Spellbooks, Berserk, Trog's Hand, Renounce Religion


You were on level 3 of the Dungeon.
You worshipped Trog.
Trog was pleased with you.
You were not hungry.

You visited 1 branch of the dungeon, and saw 3 of its levels.

You collected 139 gold pieces.

Inventory:

Hand weapons
 a - a +0 mace
 e - a +0 dagger
 l - a +0 club
 n - a +0 short sword
 p - a +0 short sword
 y - a cursed -3 war axe (weapon)
 z - a +0 flail
 A - a +0 glaive
 B - a +0 hand axe
Missiles
 f - 80 stones
 k - 5 large rocks
 q - 16 bolts
 t - 4 javelins (quivered)
 u - 15 arrows
Armour
 b - a +0 animal skin (worn)
Jewellery
 i - a ring of magical power (left hand)
Scrolls
 g - 2 scrolls of fog
 h - a scroll of enchant weapon {unknown}
 m - 2 scrolls of teleportation {unknown}
 o - a scroll of enchant armour {unknown}
Potions
 d - 2 potions of might
 j - 2 potions of resistance {unknown}
 s - a potion of magic {unknown}
 v - 2 potions of heal wounds
 C - a potion of poison {unknown}
 D - a potion of curing {unknown}
Comestibles
 c - 2 beef jerkies
 r - 2 slices of pizza
 w - 3 bread rations
 x - 2 meat rations


   Skills:
 + Level 5.1 Fighting
 + Level 4.7 Maces & Flails
 + Level 0.2 Polearms
 + Level 0.2 Throwing
 + Level 3.5 Dodging


You had 3 spell levels left.
You didn't know any spells.

Dungeon Overview and Level Annotations

Branches:
Dungeon (3/15)

Altars:
Yredelemnul


Innate Abilities, Weirdness & Mutations

You are too large for most types of armour.
You have tough skin (AC +1).


Message History

You hit the orc priest but do no damage.
The orc priest hits you but does no damage.
The orc priest barely misses you.
You hit the orc priest but do no damage.
The orc priest barely misses you.
The orc priest hits you with a short sword.
You completely miss the orc priest.
The orc priest hits you with a short sword.
The orc priest looks braver.
You closely miss the orc priest.
The orc priest hits you with a short sword.
* * * LOW HITPOINT WARNING * * *
The orc priest closely misses you.
You closely miss the orc priest.
The orc priest hits you with a short sword.
* * * LOW HITPOINT WARNING * * *
The orc priest hits you with a short sword.
* * * LOW HITPOINT WARNING * * *
The orc priest hits you with a short sword!
You die...

### ..### ....# #...### ......#
### ......# ########### #####...
.#....# #.........# #.......
......#######.........## #.......
.....[..........@......# #.......
..##########...o.##'##.###.......
.....# ...#.##..##.#..†...# #+#
.###.# ....#........#....#.# #..
.#...##.#.............####.####..
........##.#..<..........#.....#.
........+..#.###########.#####.#.
........## #.# # #.#† .......## .
.# #.#.


You could see an orc priest.

Vanquished Creatures
  2 adders (D:2)
  4 worms
  3 giant geckos
  2 orcs (D:3)
  2 ball pythons
  5 goblins
  9 hobgoblins
  2 jackals (D:3)
  A quokka (D:3)
  3 bats
  2 giant cockroaches
  3 giant newts
  5 kobolds
  7 rats
50 creatures vanquished.

Notes
Turn   | Place    | Note
--------------------------------------------------------------
     0 | D:1      | MUTANTIKUS the Ogre Berserker began the quest for the Orb.
     0 | D:1      | Reached XP level 1. HP: 24/24 MP: 1/1
   183 | D:1      | Reached XP level 2. HP: 17/33 MP: 2/2
   844 | D:1      | Acquired Trog's second power
   844 | D:1      | Reached XP level 3. HP: 26/40 MP: 3/3
  2168 | D:2      | Reached XP level 4. HP: 49/49 MP: 4/4
  2549 | D:3      | Reached skill level 5 in Fighting
  2564 | D:3      | Found a basalt altar of Yredelemnul.
  3210 | D:3      | Slain by an orc priest

Vault maps used:
D:1:      evilmike_arrival_run_for_it, minmay_misc_feat_doors, st_stairs_14
D:2:      mumra_celtic_spiral_tile
D:3:      first_bread, minmay_misc_feat_tower, yredelemnul_altar_generic

Action                   |  1- 3 |  4- 6 || total
-------------------------+-------+-------++-------
Melee: Mace              |    90 |     8 ||    98
       Club              |    11 |       ||    11
       Glaive            |       |    24 ||    24
       War axe           |       |     6 ||     6
       Flail             |       |     5 ||     5
Throw: Stone             |     3 |     3 ||     6
Invok: Berserk           |     7 |     2 ||     9
  Use: Scroll            |     2 |     1 ||     3
       Potion            |     1 |       ||     1
  Eat: Fruit             |     4 |       ||     4
       Chunk             |     2 |     3 ||     5
       Bread ration      |     1 |       ||     1
       Royal jelly       |     1 |       ||     1
       Pizza             |       |     1 ||     1
